 Dungeon Crawl Stone Soup version 0.32-a0-913-g739538afd8 (webtiles) character file.

Game seed: 82047639416561762

10205 Autsider the Frost Mage (level 11, -28/91 HPs)
             Began as a Ghoul Ice Elementalist on Apr 7, 2024.
             Was a Believer of Sif Muna.
             Shot with an arrow by a minotaur (30 damage)
             ... in a Gauntlet.
             The game lasted 00:45:11 (12473 turns).

Autsider the Frost Mage (Ghoul Ice Elementalist)   Turns: 12473, Time: 00:45:11

Health: -28/91     AC: 17    Str: 13    XL:     11   Next: 58%
Magic:  8/23       EV: 17    Int: 24    God:    Sif Muna [**....]
Gold:   724        SH:  0    Dex: 11    Spells: 11/27 levels left

rFire   + . .        E - +0 trident
rCold   + . .        (no shield)
rNeg    + + +        F - +1 leather armour {rF+}
rPois   ∞            r - +1 hat
rElec   .            O - +0 cloak
rCorr   .            u - +1 pair of gloves
SInv    .            j - +0 pair of boots
Will    .....        (no amulet)
Stlth   +            q - ring "Jeer" {Fly EV+5 Dex+2 Stlth-}
HPRegen 0.00/turn    w - +6 ring of intelligence
MPRegen 0.18/turn

%: no teleportation
@: ice-armoured, freezing walls, flying, inhibited regen
A: claws 1, cold resistance 1, negative energy resistance 3, inhibited
regeneration, torment resistance 2, devour on kill
a: Renounce Religion, Channel Magic


You were in a Gauntlet.
You worshipped Sif Muna.
Sif Muna was pleased with you.
You visited 2 branches of the dungeon, and saw 12 of its levels.
You also visited: Gauntlet.

You collected 724 gold pieces.

Inventory:

Hand Weapons
 c - a +1 spear
 d - a +1 dagger of draining
 x - a +1 dagger of venom
 E - a +0 trident (weapon)
 S - a +2 whip of freezing
 U - a +6 dagger
Missiles
 s - 5 atropa-tipped darts
 P - 6 darts of dispersal
 W - 3 curare-tipped darts
Armour
 j - a +0 pair of boots (worn)
 r - a +1 hat (worn)
 u - a +1 pair of gloves (worn)
 F - a +1 leather armour of fire resistance (worn)
 H - a +0 tower shield
 K - a +2 ring mail of poison resistance
 O - a +0 cloak (worn)
 X - +0 steam dragon scales
 Y - a +1 helmet of intelligence
Jewellery
 p - a ring of see invisible
 q - the ring "Jeer" (left hand) {Fly EV+5 Dex+2 Stlth-}
   (You found it in a Gauntlet)

   [ring of evasion]

   EV+5:      It affects your evasion (+5).
   Dex+2:     It affects your dexterity (+2).
   Fly:       It grants you flight.
   Stlth-:    It makes you less stealthy.
 w - a +6 ring of intelligence (right hand)
 y - a ring of resist corrosion
 D - a ring of protection from fire
 J - a ring of flight
 M - a +6 ring of dexterity
 T - a ring of protection from cold
Wands
 a - a wand of paralysis (5)
 G - a wand of roots (10)
 I - a wand of light (8)
Scrolls
 f - a scroll of torment
 g - 2 scrolls of fear
 i - a scroll of summoning
 k - a scroll of silence
 n - 3 scrolls of amnesia
 B - 2 scrolls of enchant weapon
 C - a scroll of immolation
 L - 2 scrolls of vulnerability
 Q - a scroll of teleportation {@r2}
Potions
 b - 2 potions of magic
 e - 4 potions of enlightenment
 h - 2 potions of attraction
 l - 3 potions of ambrosia
 m - 3 potions of degeneration
 o - 2 potions of might
 t - a potion of mutation {unknown}
 v - 5 potions of curing {@q1}
 z - 2 potions of brilliance
 A - a potion of haste {unknown}
 N - a potion of heal wounds {unknown}
 R - a potion of resistance {unknown}
 V - a potion of berserk rage {unknown}


   Skills:
 + Level 6.6 Fighting
 - Level 2.0 Armour
 - Level 6.0 Dodging
 - Level 2.1 Stealth
 + Level 8.5 Spellcasting
 + Level 1.7 Hexes
 - Level 2.0 Translocations
 + Level 13.1 Ice Magic


You had 11 spell levels left.
You knew the following spells:

 Your Spells              Type           Power      Damage    Failure   Level
a - Metabolic Englaciati  Hex/Ice        23%        N/A       10%         5
b - Frozen Ramparts       Ice            100%       1d16      1%          3
c - Ozocubu's Armour      Ice            65%        N/A       1%          3
z - Blink                 Tloc           38%        N/A       5%          2
A - Summon Ice Beast      Ice/Summ       41%        N/A       1%          3

Your spell library contained the following spells:

 Spells                   Type           Power      Damage    Failure   Level
 Freeze                   Ice            100%       1d10      1%          1
 Lesser Beckoning         Tloc           38%        N/A       5%          2
 Jinxbite                 Hex            36%        N/A       6%          2
 Shock                    Conj/Air       40%        1d5       8%          1
 Momentum Strike          Conj/Tloc      30%        3d8       8%          2
 Cigotuvi's Dreadful Rot  Necr/Alch/Air  20%        N/A       12%         2
 Inner Flame              Hex/Fire       14%        N/A       16%         3
 Volatile Blastmotes      Fire/Tloc      30%        2d12      16%         3
 Passwall                 Erth           10%        N/A       24%         3
 Swiftness                Air            10%        N/A       24%         3
 Vhi's Electric Charge    Tloc/Air       30%        N/A       45%         4
 Airstrike                Air            5%         2d(1-17)  61%         4
 Dispel Undead            Necr           10%        3d9       61%         4
 Martyr's Knell           Necr/Summ      10%        N/A       61%         4
 Yara's Violent Unravell  Hex/Alch       7%         3d5       83%         5
 Irradiate                Conj/Alch      5%         3d13      91%         5
 Bombard                  Conj/Erth      5%         9d2       100%        6
 Enfeeble                 Hex            9%         N/A       100%        7
 Ignition                 Fire           5%         3d4       100%        8


Dungeon Overview and Level Annotations

Branches:
Dungeon (11/15)            Temple (1/1) D:6            Lair (0/5) D:9
Gauntlet (1/1)
    Orc: D:9-12

Altars:
Ashenzari
Cheibriados
Dithmenos
Fedhas
Gozag
Hepliaklqana
Kikubaaqudgha
Makhleb
Nemelex Xobeh
Okawaru
Qazlal
Ru
Sif Muna
Trog
Uskayaw
Vehumet
Wu Jian
Xom
Yredelemnul

Shops:
D:2 *

Annotations:
D:3 exclusion: downstairs
D:6 Jeremiah
D:9 2 transporters, exclusion: orange crystal statue
D:10 exclusion: downstairs Gauntlet 6 transporters, 1 runed translucent door, exclusion: 2 lightning spires


Innate Abilities, Weirdness & Mutations

You are immune to poison.
You have sharp fingernails.
Your flesh is cold resistant. (rC+)
You are immune to negative energy. (rN+++)
You do not regenerate when monsters are visible.
You are immune to unholy pain and torment.
You thrive by killing the living.


Message History

Casting: Metabolic Englaciation (dangerous; 10% risk of failure)
Confirm with . or Enter, or press ? or * to list all spells.
A chill wind blows around you.
The wall freezes the minotaur!
The minotaur shoots an arrow.
The arrow misses you.
Reach: E) +0 trident
Press: ? - help, Dir - move target, f/p - minotaur
Aim: a minotaur, wielding a +5 shortbow, wearing a +0 plate armour and quivering silver javelins (moderately wounded, slow, ally target, about 27% to evade your +0 trident)
You reach to attack!
You hit the minotaur but do no damage.
The minotaur is moderately wounded.
The wall freezes the minotaur.
The minotaur throws a silver javelin.
The silver javelin misses you.
Reach: E) +0 trident
Press: ? - help, Dir - move target, f/p - minotaur
Aim: a minotaur, wielding a +5 shortbow, wearing a +0 plate armour and quivering silver javelins (moderately wounded, slow, ally target, about 27% to evade your +0 trident)
You reach to attack!
You hit the minotaur but do no damage.
The minotaur is moderately wounded.
Your ice beast hits the minotaur but does no damage.
The wall freezes the minotaur but does no damage.
The minotaur shoots an arrow.
The arrow hits you!!
* * * LOW HITPOINT WARNING * * *
Reach: E) +0 trident
Press: ? - help, Dir - move target, f/p - minotaur
Aim: a minotaur, wielding a +5 shortbow, wearing a +0 plate armour and quivering silver javelins (moderately wounded, slow, ally target, about 27% to evade your +0 trident)
You reach to attack!
You hit the minotaur but do no damage.
The minotaur is moderately wounded.
The minotaur is no longer moving slowly.
Your ice beast hits the minotaur but does no damage.
Reach: E) +0 trident
Press: ? - help, Dir - move target, f/p - minotaur
Aim: a minotaur, wielding a +5 shortbow, wearing a +0 plate armour and quivering silver javelins (moderately wounded, ally target, about 27% to evade your +0 trident)
You reach to attack!
You hit the minotaur but do no damage.
The minotaur is moderately wounded.
Your ice beast barely misses the minotaur.
The wall freezes the minotaur but does no damage.
The minotaur shoots an arrow.
The arrow hits you!!
* * * LOW HITPOINT WARNING * * *
Your ice beast hits the minotaur.
Your ice beast freezes the minotaur!
The wall freezes the minotaur!
The minotaur shoots an arrow.
The arrow hits you!!
You die...

## ##≈## #≈≈≈# ..≈#
#.## #.≈##...#
#.≈≈#.⌠.##########
#.≈##...#.......@####
#.###.⌠.#.######.Y..#
#..##...#.# #H##.#
#...#.⌠.#.# .... #
#.∩.#...#.# #.##.#
#...#.©.#.# #ßH .#
..⌠.#.....# #. .#
#...#.©.#.# # ##
#.∩.#...#.#


You could see a minotaur (ally target) and a friendly ice beast (summoned).

Vanquished Creatures
  Erica (D:9)
  A smoke demon (Gauntlet)
  Maggie (D:7)
  A queen bee (Gauntlet)
  2 trolls
  A wyvern (D:8)
  5 yaks
  2 vampire mosquitoes (D:10)
  An acid dragon (D:8)
  3 water moccasins
  Duvessa (D:7)
  A black bear (D:6)
  A sky beast (D:7)
  2 small abominations (Gauntlet)
  2 centaurs
  2 ogres (D:6)
  2 phantoms
  6 kobold brigands (D:10)
  2 lemures (D:9)
  4 bullfrogs
  2 scorpions (D:5)
  Dowan (D:7)
  5 killer bees (Gauntlet)
  A howler monkey (D:10)
  A crimson imp (Gauntlet)
  4 hounds
  3 bombardier beetles
  7 orc priests
  A sleepcap (D:7)
  3 iguanas
  8 orc wizards
  10 adders
  10 gnolls
  3 white imps
  3 ufetubi
  A ribbon worm (D:4)
  10 dart slugs
  33 orcs
  7 bats
  9 endoplasms
  4 giant cockroaches
  6 goblins
  8 hobgoblins
  4 jackals (D:1)
  4 quokkas
  6 ball pythons
  5 frilled lizards
  7 kobolds
  5 rats
212 creatures vanquished.

Vanquished Creatures (collateral kills)
  A two-headed ogre (D:10)
  Pikel (D:9)
  A kobold demonologist (D:10)
  A red devil (Gauntlet)
  Prince Ribbit (D:8)
  A shadow (D:11)
  The ghost of Picsou the Trooper, an amateur MiFi of Trog (D:4)
  3 yaks
  A steam dragon (D:10)
  Menkaure (D:7)
  An ice beast (D:5)
  2 orc warriors
  2 ogres
  A centaur (D:8)
  A lemure (D:9)
  4 kobold brigands (D:10)
  A bombardier beetle (D:6)
  A crimson imp (Gauntlet)
  A gnoll bouda (D:6)
  A sleepcap (D:7)
  An orc wizard (D:4)
  A gnoll (D:7)
  An ufetubus (D:7)
  3 orcs
33 creatures vanquished.

Grand Total: 245 creatures vanquished

Notes
Turn   | Place    | Note
-------+----------+-------------------------------------------
     0 | D:1      | Autsider the Ghoul Ice Elementalist began the quest for the
                  | Orb.
     0 | D:1      | Reached XP level 1. HP: 14/14 MP: 3/3
   158 | D:1      | Reached XP level 2. HP: 9/20 MP: 1/5
   623 | D:1      | Reached XP level 3. HP: 26/26 MP: 2/6
   670 | D:1      | Learned a level 3 spell: Frozen Ramparts
   795 | D:1      | Reached skill level 5 in Ice Magic
  1250 | D:2      | Reached XP level 4. HP: 33/33 MP: 4/8
  1322 | D:2      | Learned a level 3 spell: Ozocubu's Armour
  1424 | D:2      | Found Nyculil's Assorted Antiques.
  1962 | D:2      | Found a faded altar of an unknown god.
  2268 | D:3      | Reached XP level 5. HP: 38/38 MP: 7/9
  2825 | D:3      | Reached skill level 6 in Ice Magic
  3382 | D:3      | Found an ornate altar of the Wu Jian Council.
  3475 | D:4      | Reached XP level 6. HP: 38/45 MP: 7/11
  3728 | D:4      | Found a sacrificial altar of Ru.
  3817 | D:4      | Reached skill level 1 in Fighting
  3915 | D:4      | Found a runed translucent door.
  3917 | D:4      | Noticed Picsou's ghost (amateur MiFi)
  4056 | D:4      | Learned a level 3 spell: Summon Ice Beast
  4430 | D:4      | Killed Picsou's ghost
  4431 | D:4      | Reached skill level 7 in Ice Magic
  4431 | D:4      | Reached XP level 7. HP: 9/56 MP: 3/13
  4604 | D:5      | Entered Level 5 of the Dungeon
  4742 | D:5      | Learned a level 2 spell: Blink
  4911 | D:5      | Reached skill level 1 in Translocations
  4911 | D:5      | Reached XP level 8. HP: 53/66 MP: 11/15
  4988 | D:5      | Reached skill level 1 in Armour
  4988 | D:5      | Reached skill level 5 in Spellcasting
  5761 | D:6      | Reached skill level 8 in Ice Magic
  5783 | D:6      | Reached skill level 5 in Fighting
  6162 | D:6      | Noticed Jeremiah
  6362 | D:6      | Found a staircase to the Ecumenical Temple.
  6382 | D:6      | Reached XP level 9. HP: 66/75 MP: 5/16
  6398 | Temple   | Entered the Ecumenical Temple
  6462 | Temple   | Became a worshipper of Sif Muna the Loreminder
  6545 | D:6      | Reached skill level 9 in Ice Magic
  7158 | D:7      | Noticed Maggie
  7162 | D:7      | Noticed Dowan
  7163 | D:7      | Noticed Duvessa
  7169 | D:7      | Killed Maggie
  7170 | D:7      | Reached skill level 10 in Ice Magic
  7176 | D:7      | Killed Dowan
  7179 | D:7      | Killed Duvessa
  7562 | D:7      | Found a snail-covered altar of Cheibriados.
  7623 | D:7      | Reached * piety under Sif Muna
  7984 | D:7      | Noticed Menkaure
  7998 | D:7      | Killed Menkaure
  8445 | D:8      | Reached XP level 10. HP: 67/83 MP: 9/19
  8464 | D:8      | Reached skill level 11 in Ice Magic
  8680 | D:8      | Noticed Prince Ribbit
  8687 | D:8      | Killed Prince Ribbit
  8822 | D:8      | Found a hide-covered altar of Uskayaw.
  8827 | D:8      | Found a radiant altar of Vehumet.
  8832 | D:8      | Found a basalt altar of Yredelemnul.
  9299 | D:9      | Found a transporter.
  9299 | D:9      | Noticed a centaur warrior
  9301 | D:9      | Noticed a centaur warrior
  9302 | D:9      | Noticed an orange crystal statue
  9478 | D:9      | Reached skill level 5 in Dodging
  9748 | D:9      | Noticed Pikel
  9787 | D:9      | Killed Pikel
  9877 | D:9      | Noticed Erica
  9916 | D:9      | Killed Erica
  9917 | D:9      | Reached skill level 12 in Ice Magic
 10169 | D:9      | Found a staircase to the Lair.
 10176 | D:9      | Identified the ring of Existentialism {Int+2 Dex+6}
 10177 | D:9      | Found a transporter.
 10177 | D:9      | Identified the +4 trident of Certain Death {freeze, MP+9
                  | Str-2 Int+3 Dex+8}
 10277 | D:10     | Entered Level 10 of the Dungeon
 10584 | D:10     | Noticed a two-headed ogre
 10592 | D:10     | Killed a two-headed ogre
 10593 | D:10     | Reached XP level 11. HP: 78/89 MP: 13/22
 11735 | D:11     | Noticed a two-headed ogre
 11849 | D:11     | Found a gate leading to a gauntlet.
 11880 | D:11     | Noticed a green ugly thing
 11889 | Gauntlet | Entered a Gauntlet
 11889 | Gauntlet | Found a transporter.
 11889 | Gauntlet | Found a transporter.
 11892 | Gauntlet | Noticed a catoblepas
 11992 | Gauntlet | Found a transporter.
 11996 | Gauntlet | Found a transporter.
 12004 | Gauntlet | Found a transporter.
 12008 | Gauntlet | Found a transporter.
 12014 | Gauntlet | Noticed a thrashing horror
 12016 | Gauntlet | Found a transporter.
 12024 | Gauntlet | Noticed a thrashing horror
 12029 | Gauntlet | Noticed a lightning spire
 12031 | Gauntlet | Found a transporter.
 12035 | Gauntlet | Found a runed translucent door.
 12049 | Gauntlet | Found a transporter.
 12050 | Gauntlet | Found a transporter.
 12050 | Gauntlet | Noticed a moth of wrath
 12058 | Gauntlet | Found a transporter.
 12062 | Gauntlet | Found a transporter.
 12111 | Gauntlet | Reached skill level 13 in Ice Magic
 12118 | Gauntlet | Reached ** piety under Sif Muna
 12119 | Gauntlet | Reached skill level 1 in Hexes
 12203 | Gauntlet | Identified the ring "Jeer" {Fly EV+5 Dex+2 Stlth-}
 12227 | Gauntlet | Noticed a lightning spire
 12245 | Gauntlet | Learned a level 5 spell: Metabolic Englaciation
 12460 | Gauntlet | Identified the +6 spear "Wyzateth" {flame, rF+ Str+3}
 12460 | Gauntlet | Noticed a minotaur
 12473 | Gauntlet | HP: 2/91 [minotaur/arrow (35)]
 12473 | Gauntlet | Shot with an arrow by a minotaur

Illustrated notes

Levels and vault maps discovered:
D:1:      scummos_arrival_gate, layout_basic, hex_large, st_stairs_9
D:2:      minmay_skewed_foursquare, layout_basic, serial_shops, shop,
          hellmonk_ecumenical_altar_run_dry
D:3:      layout_loops_cross, pdpol_wu_jian_five_deadly_venoms
D:4:      layout_basic, mainiacjoe_overflow_cross_hatched,
          ebering_ghost_inner_flame, minmay_unequal
D:5:      layout_loops_ring
D:6:      layout_basic, minmay_temple_entry_glass, uniq_jeremiah
D:7:      layout_loops_ring, cheibriados_altar_1, uniq_maggie, uniq_menkaure,
          uniq_duvessa
D:8:      layout_rooms, minmay_overflow_temple_star_quad, uniq_prince_ribbit1
D:9:      gammafunk_sealed_arena, layout_long_grid, lair_entry_dummy,
          hangedman_decor_clover_reticule, uniq_erica, uniq_pikel
D:10:     layout_loops_corners, special_room [special_room_kobold]
D:11:     layout_basic, gauntlet_entry_generic, minivault_25,
          minmay_fractal_squares_diagonal_5
Temple:   eino_temple_rhombus
Gauntlet: minmay_gauntlet_77_indecision [minmay_gauntlet_arena_77_braids,
          minmay_gauntlet_arena_77_chump_sandwich,
          minmay_gauntlet_arena_77_two_lines, minmay_gauntlet_arena_77_museum,
          minmay_gauntlet_arena_77_p_blocks, minmay_gauntlet_arena_77_path,
          dreamdust_gauntlet_exit_labyrinth]

Skill      XL: |  1  2  3  4  5  6  7  8  9 10 11 |
---------------+----------------------------------+-----
Spellcasting   | 2 3 4 5 6 7 8 |  8.5
Ice Magic      | 5 6 7 8 10 12 13 | 13.1
Fighting       | 2 3 5 6 |  6.6
Translocations | 1 2 |  2.0
Armour         | 2 |  2.0
Dodging        | 4 6 |  6.0
Hexes          | 1 |  1.7
Stealth        | |  2.1

Action                     |  1- 3 |  4- 6 |  7- 9 | 10-12 || total
---------------------------+-------+-------+-------+-------++-------
  Melee: Unarmed           |    21 |       |       |       ||    21
         Spear             |    37 |   122 |   179 |   125 ||   463
         Trident           |       |       |       |     9 ||     9
   Cast: Freeze            |    41 |    16 |       |       ||    57
         Frozen Ramparts   |     4 |    34 |    43 |    42 ||   123
         Ozocubu's Armour  |       |     4 |    14 |    14 ||    32
         Summon Ice Beast  |       |     2 |    18 |    25 ||    45
         Metabolic Englaci |       |       |       |     1 ||     1
  Evoke: Wand              |       |       |     1 |       ||     1
    Use: Scroll            |       |       |     7 |    11 ||    18
         Potion            |       |       |     2 |       ||     2
   Stab: Sleeping          |     1 |     5 |       |     1 ||     7
         Distracted        |       |       |       |     1 ||     1
 Armour: Robe              |    50 |    63 |     3 |       ||   116
         Leather armour    |       |       |   149 |   131 ||   280
  Dodge: Dodged            |    47 |    49 |    83 |    59 ||   238

Table legend: (Time is in decaauts)
 A = Elapsed time spent in this place.
 B = Non-inter-level travel time spent in this place.
 C = Inter-level travel time spent in this place.
 D = Time resting spent in this place.
 E = Time spent auto-exploring this place.
 F = Levels seen in this place.
 G = Mean time per level.
                   A        B        C        D        E       F      G
               +--------+--------+--------+--------+--------+-----+--------+
         Total |  12528 |  12175 |    353 |    824 |   9099 |  13 |  963.7 |
       Dungeon |  11866 |  11534 |    332 |    679 |   8882 |  11 | 1078.7 |
        Temple |     75 |     54 |     21 |      0 |     53 |   1 |   75.0 |
      Gauntlet |    586 |    586 |      0 |    145 |    164 |   1 |  586.0 |
               +--------+--------+--------+--------+--------+-----+--------+

Top non-repeatable levels by time:
    D:10: 1472 daAuts
     D:5: 1377 daAuts
     D:7: 1293 daAuts
     D:3: 1278 daAuts
     D:2: 1231 daAuts
     D:4: 1142 daAuts
     D:9: 1115 daAuts
     D:6: 967 daAuts
     D:1: 965 daAuts
     D:8: 874 daAuts
Gauntlet: 586 daAuts
    D:11: 145 daAuts
  Temple: 75 daAuts
